ESL (28 & UNDER)
WILMINGTON REBELS @ RIO GRANDE RATTLESNAKE
04/17/2028
 
TOP OF THE 1ST
Wilmington Rebels batting - Pitching for Rio Grande Rattlesnake : RHP Neil Snow
Pitching: RHP Neil Snow
Batting: RHB Jessie Thompson 0-0: Ground out 6-3 (Groundball, 6M)
Batting: LHB Jim Clemente 0-0: Foul Ball, location: 2F
0-1: Foul Ball, location: 2F
0-2: Foul Ball, location: 2F
0-2: Foul Ball, location: 2F
0-2: Hit by Pitch
Batting: RHB Remi Eruzione 0-0: Swinging Strike
0-1: Ball
1-1: Ball
2-1: Foul Ball, location: 2F
2-2: Strikes out looking
Batting: RHB Al Reese 0-0: Fly out, F9 (Flyball, 9)
Top of the 1st over - 0 run(s), 0 hit(s), 0 error(s), 1 left on base; Wilmington 0 - Rio Grande 0
BOTTOM OF THE 1ST
Rio Grande Rattlesnake batting - Pitching for Wilmington Rebels : LHP Roberto Barrón
Pitching: LHP Roberto Barrón
Batting: RHB David Suarze 0-0: Called Strike
0-1: Ball
1-1: Ground out 1-3 (Groundball, 15S)
Batting: RHB Jeff Bane 0-0: Ball
1-0: Ground out 6-3 (Groundball, 6)
Batting: RHB Hollis Wood 0-0: Ball
1-0: Foul Ball, location: 2F
1-1: Ground out 6-3 (Groundball, 6)
Bottom of the 1st over - 0 run(s), 0 hit(s), 0 error(s), 0 left on base; Wilmington 0 - Rio Grande 0
TOP OF THE 2ND
Wilmington Rebels batting - Pitching for Rio Grande Rattlesnake : RHP Neil Snow
Batting: RHB Roy MacCluskie 0-0: Foul Ball, location: 2F
0-1: Swinging Strike
0-2: Ball
1-2: Ground out 5-3 (Groundball, 56)
Batting: RHB Andrew Deal 0-0: Ball
1-0: Swinging Strike
1-1: Ball
2-1: Foul Ball, location: 2F
2-2: DOUBLE (Line Drive, 78D)
Batting: RHB Sergio Moreno 0-0: Ball
1-0: Foul Ball, location: 2F
1-1: Swinging Strike
1-2: Strikes out swinging
Batting: RHB Henry Dawson 0-0: Ball
1-0: Ball
2-0: Ground out 6-3 (Groundball, 6)
Top of the 2nd over - 0 run(s), 1 hit(s), 0 error(s), 1 left on base; Wilmington 0 - Rio Grande 0
BOTTOM OF THE 2ND
Rio Grande Rattlesnake batting - Pitching for Wilmington Rebels : LHP Roberto Barrón
Batting: RHB Joe Courtier 0-0: Fly out, F8 (Flyball, 8RS)
Batting: RHB Gilberto Silva 0-0: Foul Ball, location: 2F
0-1: Ground out 4-3 (Groundball, 4S)
Batting: SHB Chris Charles 0-0: Ball
1-0: Ball
2-0: Ball
3-0: Base on Balls
Batting: SHB William Daly 0-0: Called Strike
0-1: Ball
1-1: Foul Ball, location: 2F
1-2: Strikes out looking
Bottom of the 2nd over - 0 run(s), 0 hit(s), 0 error(s), 1 left on base; Wilmington 0 - Rio Grande 0
TOP OF THE 3RD
Wilmington Rebels batting - Pitching for Rio Grande Rattlesnake : RHP Neil Snow
Batting: LHB Ivan Costello 0-0: Ball
1-0: Ball
2-0: Fly out, F9 (Line Drive, 9LD)
Batting: RHB Jessie Thompson 0-0: Ball
1-0: Foul Ball, location: 2F
1-1: SINGLE (Line Drive, 9LS)
Batting: LHB Jim Clemente 0-0: Swinging Strike
0-1: Ball
1-1: Swinging Strike
1-2: Foul Ball, location: 2F
1-2: Ball
Jessie Thompson steals 2nd base
2-2: Strikes out swinging
Batting: RHB Remi Eruzione 0-0: Swinging Strike
0-1: Foul Ball, location: 2F
0-2: Strikes out swinging
Top of the 3rd over - 0 run(s), 1 hit(s), 0 error(s), 1 left on base; Wilmington 0 - Rio Grande 0
BOTTOM OF THE 3RD
Rio Grande Rattlesnake batting - Pitching for Wilmington Rebels : LHP Roberto Barrón
Batting: RHB Juan López 0-0: Swinging Strike
0-1: Ball
1-1: Swinging Strike
1-2: Ball
2-2: Strikes out swinging
Batting: RHB Doug Delaney 0-0: Ground out 6-3 (Groundball, 6)
Batting: RHB David Suarze 0-0: Ball
1-0: Called Strike
1-1: Called Strike
1-2: SINGLE (Flyball, 89S)
Batting: RHB Jeff Bane 0-0: Called Strike
0-1: Ball
1-1: Ball
2-1: Ball
3-1: Base on Balls
David Suarze to second
Batting: RHB Hollis Wood 0-0: Called Strike
0-1: Ball
1-1: Foul Ball, location: 2F
1-2: Foul Ball, location: 2F
1-2: Foul Ball, location: 2F
1-2: Foul Ball, location: 2F
1-2: SINGLE (Line Drive, 6M)
David Suarze to third
Jeff Bane to second
Runner from 3rd tries for Home, SAFE, no throw
Batting: RHB Joe Courtier 0-0: Ground out 1-3 (Groundball, 13)
Bottom of the 3rd over - 1 run(s), 2 hit(s), 0 error(s), 2 left on base; Wilmington 0 - Rio Grande 1
TOP OF THE 4TH
Wilmington Rebels batting - Pitching for Rio Grande Rattlesnake : RHP Neil Snow
Batting: RHB Al Reese 0-0: SINGLE (Line Drive, 6M)
Batting: RHB Roy MacCluskie 0-0: Ball
1-0: Ball
2-0: SINGLE (Line Drive, 8RS)
Al Reese to second
Batting: RHB Andrew Deal 0-0: Swinging Strike
0-1: Swinging Strike
0-2: Ball
1-2: SINGLE (Line Drive, 89S)
Al Reese to third
Roy MacCluskie to second
Batting: RHB Sergio Moreno 0-0: Ball
1-0: SINGLE (Line Drive, 9LS)
Al Reese scores
Roy MacCluskie to third
Andrew Deal to second
Batting: RHB Henry Dawson 0-0: Called Strike
0-1: Grounds into fielders choice 1-2 (Groundball, 13)
Andrew Deal to third
Sergio Moreno to second
Batting: LHB Ivan Costello 0-0: Ball
1-0: Called Strike
1-1: Foul Ball, location: 2F
1-2: Foul Ball, location: 2F
1-2: Ball
2-2: Foul Ball, location: 2F
2-2: Ball
3-2: Strikes out swinging
Batting: RHB Jessie Thompson 0-0: Ball
1-0: Foul Ball, location: 2F
1-1: Foul Ball, location: 2F
1-2: Strikes out swinging
Top of the 4th over - 1 run(s), 4 hit(s), 0 error(s), 3 left on base; Wilmington 1 - Rio Grande 1
BOTTOM OF THE 4TH
Rio Grande Rattlesnake batting - Pitching for Wilmington Rebels : LHP Roberto Barrón
Batting: RHB Gilberto Silva 0-0: Ball
1-0: Foul Ball, location: 2F
1-1: Ground out 5-3 (Groundball, 5S)
Batting: SHB Chris Charles 0-0: Foul Ball, location: 2F
0-1: Ball
1-1: Ball
2-1: Ball
3-1: Base on Balls
Batting: SHB William Daly 0-0: Ball
1-0: Ball
2-0: Called Strike
2-1: Ball
3-1: Foul Ball, location: 2F
3-2: Foul Ball, location: 2F
3-2: Fly out, F8 (Flyball, 8LD)
Batting: RHB Juan López 0-0: Ball
Chris Charles steals 2nd base
1-0: Called Strike
1-1: Ball
2-1: Foul Ball, location: 2F
2-2: Ground out 4-3 (Groundball, 34)
Bottom of the 4th over - 0 run(s), 0 hit(s), 0 error(s), 1 left on base; Wilmington 1 - Rio Grande 1
TOP OF THE 5TH
Wilmington Rebels batting - Pitching for Rio Grande Rattlesnake : RHP Neil Snow
Batting: LHB Jim Clemente 0-0: Foul Ball, location: 2F
0-1: Ball
1-1: Swinging Strike
1-2: Strikes out swinging
Batting: RHB Remi Eruzione 0-0: Ball
1-0: Foul Ball, location: 2F
1-1: Fly out, F7 (Flyball, 7LS)
Batting: RHB Al Reese 0-0: Fly out, F9 (Flyball, 89M)
Top of the 5th over - 0 run(s), 0 hit(s), 0 error(s), 0 left on base; Wilmington 1 - Rio Grande 1
BOTTOM OF THE 5TH
Rio Grande Rattlesnake batting - Pitching for Wilmington Rebels : LHP Roberto Barrón
Batting: RHB Doug Delaney 0-0: Ball
1-0: Called Strike
1-1: Fly out, F6 (Line Drive, 56)
Batting: RHB David Suarze 0-0: Called Strike
0-1: Ball
1-1: SOLO HOME RUN (Flyball, 7D), Distance : 352 ft
Batting: RHB Jeff Bane 0-0: Ball
1-0: Ball
2-0: SINGLE (Flyball, 9S)
Batting: RHB Hollis Wood 0-0: Ball
1-0: Ball
2-0: Grounds into double play, 5-4-3 (Groundball, 56)
Bottom of the 5th over - 1 run(s), 2 hit(s), 0 error(s), 0 left on base; Wilmington 1 - Rio Grande 2
TOP OF THE 6TH
Wilmington Rebels batting - Pitching for Rio Grande Rattlesnake : RHP Neil Snow
Batting: RHB Roy MacCluskie 0-0: Called Strike
0-1: Ball
1-1: Ball
2-1: Ball
3-1: Swinging Strike
3-2: Foul Ball, location: 2F
3-2: SINGLE (Groundball, 56D)
Batting: RHB Andrew Deal 0-0: Ball
Roy MacCluskie is caught stealing 2nd base
1-0: Swinging Strike
1-1: Fly out, F9 (Flyball, 89S)
Batting: RHB Sergio Moreno 0-0: Ball
1-0: Ball
2-0: Foul Ball, location: 2F
2-1: Ball
3-1: Base on Balls
Batting: RHB Henry Dawson 0-0: Called Strike
0-1: Ball
1-1: Fielders Choice at 2nd, 6-4 (Groundball, 6)
Top of the 6th over - 0 run(s), 1 hit(s), 0 error(s), 0 left on base; Wilmington 1 - Rio Grande 2
BOTTOM OF THE 6TH
Rio Grande Rattlesnake batting - Pitching for Wilmington Rebels : LHP Roberto Barrón
Batting: RHB Joe Courtier 0-0: Swinging Strike
0-1: Ball
1-1: DOUBLE (Line Drive, 9LS)
Batting: RHB Gilberto Silva 0-0: Intentional Walk
Pitching: LHP Matt Fritz
Batting: SHB Chris Charles 0-0: Ball
1-0: Ball
2-0: Called Strike
2-1: Ground out 5-3 (Groundball, 56S)
Joe Courtier to third
Gilberto Silva to second
Batting: SHB William Daly 0-0: Foul Ball, location: 2F
0-1: Called Strike
0-2: Ball
1-2: Ball
2-2: Foul Ball, location: 2F
2-2: Fly out, F6 (Flyball, 6D)
Batting: RHB Juan López 0-0: Called Strike
0-1: Ball
1-1: Ground out 6-3 (Groundball, 6)
Bottom of the 6th over - 0 run(s), 1 hit(s), 0 error(s), 2 left on base; Wilmington 1 - Rio Grande 2
TOP OF THE 7TH
Wilmington Rebels batting - Pitching for Rio Grande Rattlesnake : RHP Neil Snow
Pitching: RHP Adrián Mora
Batting: LHB Ivan Costello 0-0: Foul Ball, location: 2F
0-1: Ball
1-1: Swinging Strike
1-2: Strikes out swinging
Batting: RHB Jessie Thompson 0-0: SINGLE (Line Drive, 6)
Pinch Hitting: LHB Manny Hernández 0-0: Ball
1-0: Ball
Jessie Thompson steals 2nd base
2-0: Called Strike
2-1: Ball
3-1: Foul Ball, location: 2F
3-2: Strikes out swinging
Pinch Hitting: LHB Juan Delgado 0-0: Called Strike
0-1: SINGLE (Flyball, 7S)
Jessie Thompson to third
Runner from 3rd tries for Home, SAFE, no throw
Batting: RHB Al Reese 0-0: Called Strike
0-1: Ball
1-1: SINGLE (Groundball, 34S) (infield hit)
Juan Delgado to second
Batting: RHB Roy MacCluskie 0-0: Called Strike
0-1: Ball
1-1: DOUBLE (Line Drive, 9LD)
Juan Delgado scores
Al Reese to third
Runner from 3rd tries for Home, SAFE, no throw
Pitching: RHP Nelson Britt
Batting: RHB Andrew Deal 0-0: Ball
1-0: Ball
2-0: Swinging Strike
2-1: Ball
3-1: Foul Ball, location: 2F
3-2: Foul Ball, location: 2F
3-2: Foul Ball, location: 2F
3-2: Strikes out swinging
Top of the 7th over - 3 run(s), 4 hit(s), 0 error(s), 1 left on base; Wilmington 4 - Rio Grande 2
BOTTOM OF THE 7TH
Rio Grande Rattlesnake batting - Pitching for Wilmington Rebels : LHP Matt Fritz
Now in LF: Juan Delgado
Now in RF: Manny Hernández
Batting: RHB Doug Delaney 0-0: Called Strike
0-1: Ball
1-1: Foul Ball, location: 2F
1-2: Ball
2-2: TRIPLE (Flyball, 8RD)
Batting: RHB David Suarze 0-0: Ball
1-0: Ball
2-0: Called Strike
2-1: Called Strike
2-2: Ball
3-2: Strikes out swinging
Batting: RHB Jeff Bane 0-0: Ball
1-0: Ball
2-0: Ball
3-0: Called Strike
3-1: Foul Ball, location: 2F
3-2: Base on Balls
Batting: RHB Hollis Wood 0-0: Ball
1-0: Fly out, F9 (Flyball, 9)
Runner from 3rd tags up, SCORES, no throw
Batting: RHB Joe Courtier 0-0: Ball
1-0: Ground out 1-3 (Groundball, 15S)
Bottom of the 7th over - 1 run(s), 1 hit(s), 0 error(s), 1 left on base; Wilmington 4 - Rio Grande 3
TOP OF THE 8TH
Wilmington Rebels batting - Pitching for Rio Grande Rattlesnake : RHP Nelson Britt
Batting: RHB Sergio Moreno 0-0: Ball
1-0: Ball
2-0: Called Strike
2-1: Foul Ball, location: 2F
2-2: Foul Ball, location: 2F
2-2: Ground out 1-3 (Groundball, 15)
Batting: RHB Henry Dawson 0-0: Ball
1-0: Ball
2-0: Ball
3-0: Base on Balls
Batting: LHB Ivan Costello 0-0: Ball
1-0: Called Strike
1-1: Foul Ball, location: 2F
1-2: Ball
2-2: DOUBLE (Flyball, 78XD)
Henry Dawson to third
Batting: RHB Jessie Thompson 0-0: Swinging Strike
0-1: SINGLE (Groundball, 6D)
Henry Dawson scores
Ivan Costello to third
Batting: LHB Manny Hernández 0-0: Foul Ball, location: 2F
0-1: Fly out, F7 (Flyball, 7S)
Batting: LHB Juan Delgado 0-0: Called Strike
0-1: Ball
1-1: Foul Ball, location: 2F
1-2: TRIPLE (Flyball, 8LXD)
Ivan Costello scores
Jessie Thompson scores
Pitching: RHP Albert Gonzáles
Batting: RHB Al Reese 0-0: Ball
1-0: Ball
2-0: Ball
3-0: Called Strike
3-1: Ground out 5-3 (Groundball, 56S)
Top of the 8th over - 3 run(s), 3 hit(s), 0 error(s), 1 left on base; Wilmington 7 - Rio Grande 3
BOTTOM OF THE 8TH
Rio Grande Rattlesnake batting - Pitching for Wilmington Rebels : LHP Matt Fritz
Batting: RHB Gilberto Silva 0-0: Foul Ball, location: 2F
0-1: Ball
1-1: Ball
2-1: SINGLE (Flyball, 8RS)
Batting: SHB Chris Charles 0-0: Called Strike
0-1: Called Strike
0-2: Ball
1-2: Strikes out swinging
Batting: SHB William Daly 0-0: Ball
1-0: Fly out, F8 (Flyball, 8RXD)
Batting: RHB Juan López 0-0: Called Strike
0-1: Ball
1-1: Called Strike
1-2: Fly out, F6 (Line Drive, 6)
Bottom of the 8th over - 0 run(s), 1 hit(s), 0 error(s), 1 left on base; Wilmington 7 - Rio Grande 3
TOP OF THE 9TH
Wilmington Rebels batting - Pitching for Rio Grande Rattlesnake : RHP Albert Gonzáles
Batting: RHB Roy MacCluskie 0-0: Ball
1-0: Called Strike
1-1: Called Strike
1-2: Ball
2-2: Foul Ball, location: 2F
2-2: Foul Ball, location: 2F
2-2: Foul Ball, location: 2F
2-2: SINGLE (Groundball, 34) (infield hit)
Batting: RHB Andrew Deal 0-0: Ball
1-0: Bunt missed!
1-1: Sac Bunt - play at first, batter OUT! 1-4
Roy MacCluskie to second
Batting: RHB Sergio Moreno 0-0: Intentional Walk
Batting: RHB Henry Dawson 0-0: Swinging Strike
0-1: Ball
1-1: Swinging Strike
1-2: Strikes out looking
Batting: LHB Ivan Costello 0-0: Ball
1-0: Foul Ball, location: 2F
1-1: Ball
2-1: Foul Ball, location: 2F
2-2: Ball
3-2: Base on Balls
Roy MacCluskie to third
Sergio Moreno to second
Pitching: RHP Billy O'Neal
Batting: RHB Jessie Thompson 0-0: Fielders Choice at 2nd, 6-4 (Groundball, 6)
Top of the 9th over - 0 run(s), 1 hit(s), 0 error(s), 2 left on base; Wilmington 7 - Rio Grande 3
BOTTOM OF THE 9TH
Rio Grande Rattlesnake batting - Pitching for Wilmington Rebels : LHP Matt Fritz
Batting: RHB Doug Delaney 0-0: Ball
1-0: Called Strike
1-1: Foul Ball, location: 2F
1-2: Ball
2-2: Ball
3-2: Fly out, F8 (Line Drive, 8RM)
Batting: RHB David Suarze 0-0: Called Strike
0-1: Swinging Strike
0-2: SINGLE (Flyball, 89S)
Batting: RHB Jeff Bane 0-0: Grounds into double play, 4-6-3 (Groundball, 4)
Bottom of the 9th over - 0 run(s), 1 hit(s), 0 error(s), 0 left on base; Wilmington 7 - Rio Grande 3
Tuesday, August 8th, 2017 - OOTP Baseball 17.12 Build 75